 Dungeon Crawl Stone Soup version 0.21-a0-140-g479285b (webtiles) character file.

5348 kuniqs the Covert (level 10, 0/50 HPs)
             Began as a Deep Elf Ice Elementalist on July 21, 2017.
             Was a Believer of Kikubaaqudgha.
             Slain by an unseen horror (1 damage)
             ... on level 10 of the Dungeon.
             The game lasted 00:23:19 (11894 turns).

kuniqs the Covert (Deep Elf Ice Elementalist)      Turns: 11894, Time: 00:23:20

Health: 0/50       AC: 17    Str:  5    XL:     10   Next: 38%
Magic:  37/39      EV: 15    Int: 24    God:    Kikubaaqudgha [**....]
Gold:   400        SH:  0    Dex: 15    Spells: 1/25 levels left

rFire    + . .     SeeInvis .   g - staff of power
rCold    . . .     Gourm    .   (no shield)
rNeg     . . .     Faith    .   l - +0 leather armour {rF+}
rPois    .         Spirit   .   x - +0 helmet
rElec    .         Reflect  .   (no cloak)
rCorr    .         Harm     .   C - +0 pair of gloves
MR       +....                  (no boots)
Stlth    ++++......             (no amulet)
HPRegen  0.16/turn              o - +4 ring of protection
MPRegen  0.26/turn              w - +3 ring of evasion

@: icy armour, marked, slow
A: no striking features
a: Receive Corpses, Renounce Religion


You were on level 10 of the Dungeon.
You worshipped Kikubaaqudgha.
Kikubaaqudgha was pleased with you.
You were not hungry.

You visited 1 branch of the dungeon, and saw 10 of its levels.

You collected 400 gold pieces.

Inventory:

Hand Weapons
 J - a +2 dagger of electrocution
Armour
 l - a +0 leather armour of fire resistance (worn)
 x - a +0 helmet (worn)
 C - a +0 pair of gloves (worn)
Magical Staves
 g - an uncursed staff of power (weapon)
Jewellery
 o - a +4 ring of protection (left hand)
 w - a +3 ring of evasion (right hand)
 y - an uncursed ring of ice
Wands
 f - a wand of iceblast (9/15)
 t - a wand of scattershot (2/9)
 I - a wand of confusion (19/48)
Scrolls
 a - a scroll of enchant weapon {unknown}
 c - 2 scrolls of recharging {unknown}
 j - a scroll of identify {@r1}
 k - a scroll of fog
 q - a scroll of remove curse {@r2}
 r - 5 scrolls of teleportation
 s - a scroll of fear {unknown}
 v - a scroll of enchant armour {unknown}
 B - a scroll of immolation {unknown}
 H - 2 scrolls of magic mapping {unknown}
 L - a scroll of amnesia {unknown}
Potions
 i - 2 potions of berserk rage
 m - 2 potions of haste
 n - 2 potions of resistance
 p - a potion of curing {@q1}
 u - 5 potions of agility
 z - a potion of invisibility {unknown}
 A - a potion of flight {unknown}
 E - a potion of magic {unknown}
 F - a potion of brilliance {unknown}
 G - a potion of cancellation {unknown}
 M - a potion of heal wounds {unknown}
Books
 b - a book of Frost

   Spells                             Type                      Level
   a - Freeze                         Ice                          1
   b - Throw Frost                    Conjuration/Ice              2
   c - Ozocubu's Armour               Charms/Ice                   3
   d - Throw Icicle                   Conjuration/Ice              4
   e - Summon Ice Beast               Ice/Summoning                4
 D - Kikubaaqudgha's Volume of Black Arts
   (Kikubaaqudgha gifted it to you on level 7 of the Dungeon)

   Spells                             Type                      Level
   a - Pain                           Necromancy                   1
   b - Corpse Rot                     Necromancy                   2
   c - Sublimation of Blood           Necromancy                   2
   d - Vampiric Draining              Necromancy                   3
   e - Control Undead                 Necromancy                   4
Comestibles
 d - 5 bread rations
 e - 3 meat rations
 h - 4 royal jellies
 K - 4 chunks of flesh


   Skills:
 - Level 2.4 Dodging
 + Level 8.7 Stealth
 + Level 8.4 Spellcasting
 + Level 6.3 Conjurations
 + Level 7.5 Charms
 + Level 6.2 Summonings
 + Level 4.3 Necromancy
 + Level 7.3 Ice Magic
 + Level 4.1 Evocations


You had one spell level left.
You knew the following spells:

 Your Spells              Type           Power        Failure   Level  Hunger
a - Freeze                Ice            ####         1%          1    None
b - Throw Frost           Conj/Ice       #####.       1%          2    None
c - Ozocubu's Armour      Chrm/Ice       #####...     1%          3    None
d - Summon Ice Beast      Ice/Summ       #####...     6%          4    ##.....
e - Throw Icicle          Conj/Ice       #####...     6%          4    ##.....
f - Corpse Rot            Necr           N/A          2%          2    None
g - Vampiric Draining     Necr           ####......   5%          3    None
h - Regeneration          Chrm/Necr      #####.....   2%          3    None
i - Sublimation of Blood  Necr           ####......   2%          2    None


Dungeon Overview and Level Annotations

Branches:
Dungeon (10/15)            Temple (0/1) D:7
   Lair: D:8-11         Orc: D:9-12

Altars:
Kikubaaqudgha
Wu Jian

Shops:
D:5 %

Annotations:
D:10 Psyche


Message History

Something completely misses you. Something hits you but does no damage.
The wyvern hisses menacingly.
Something hits you but does no damage. Something hits you but does no damage.
Psyche points at you and mumbles some strange words.
The puff of frost hits something.
The worker ant bites you.
* * * LOW HITPOINT WARNING * * *
Something hits you but does no damage.
Psyche points at you and mumbles some strange words.
The puff of frost hits something.
There is a stone staircase leading up here.
Something hits you but does no damage. x2; The worker ant closely misses you.
Psyche casts a cantrip, but nothing happens.
The orc priest invokes the aid of Beogh against you.
Beogh smites you!
* * * LOW HITPOINT WARNING * * *
Something hits you.
You die...
Kikubaaqudgha rasps: "You have failed me!
Welcome... death!"

.###......#......#
. ##....o####...#
. #.###...#...# .
#.# ##.o....# .
..# ##....## .
..## #....# . ...
##..Zl## ....
#....@a## ####.
#....o{@#
#..o...o#
.....o....#
.....#....#
.....$####.#
...... ### ....


You could see Psyche, an orc warrior, a wyvern, a worker ant, an orc priest, 4
orcs and a centaur skeleton.

Vanquished Creatures
  A two-headed ogre (D:8)
  A hippogriff (D:8)
  Sigmund (D:3)
  A water moccasin (D:6)
  An orc warrior (D:8)
  4 sky beasts
  4 ogres
  An ice beast (D:7)
  5 centaurs
  4 bullfrogs
  A wyvern skeleton (D:7)
  2 scorpions
  7 killer bees
  A centaur zombie (D:8)
  A jelly (D:5)
  2 orc priests
  2 bullfrog skeletons (D:6)
  3 hounds
  3 orc wizards
  4 iguanas
  Jessica (D:2)
  Ijyb (D:3)
  Terence (D:2)
  9 worker ants
  A hound zombie (D:8)
  A hound skeleton (D:7)
  A howler monkey zombie (D:6)
  11 adders
  3 shadow imps
  8 worms
  A dart slug (D:1)
  4 leopard geckos
  30 orcs
  4 giant cockroaches
  11 goblins
  5 hobgoblins
  13 jackals
  3 quokkas
  3 bats
  6 frilled lizards
  A jackal skeleton (D:6)
  11 kobolds
  A leopard gecko skeleton (D:7)
  A leopard gecko zombie (D:7)
  A quokka skeleton (D:4)
  8 rats
189 creatures vanquished.

Vanquished Creatures (collateral kills)
  A two-headed ogre (D:9)
  Grinder (D:3)
  2 hungry ghosts (D:8)
  5 orc warriors
  2 phantoms
  An ogre (D:8)
  A centaur (D:8)
  A bullfrog (D:9)
  3 wights (D:9)
  4 orc priests
  A hound (D:10)
  5 orc wizards
  20 orcs
47 creatures vanquished.

Grand Total: 236 creatures vanquished

Notes
Turn   | Place    | Note
-------+----------+-------------------------------------------
     0 | D:1      | kuniqs the Deep Elf Ice Elementalist began the quest for the Orb.
     0 | D:1      | Reached XP level 1. HP: 10/10 MP: 6/6
   413 | D:1      | Reached XP level 2. HP: 15/15 MP: 5/8
   417 | D:1      | Learned a level 2 spell: Throw Frost
   965 | D:2      | Noticed Terence
  1144 | D:2      | Reached XP level 3. HP: 19/19 MP: 6/10
  1151 | D:2      | Learned a level 3 spell: Ozocubu's Armour
  1602 | D:2      | Noticed Jessica
  1698 | D:2      | Killed Jessica
  1698 | D:2      | Reached XP level 4. HP: 8/24 MP: 4/12
  1768 | D:1      | Learned a level 4 spell: Summon Ice Beast
  2003 | D:2      | Killed Terence
  2592 | D:2      | Reached XP level 5. HP: 28/28 MP: 11/13
  2902 | D:3      | Reached skill level 1 in Summonings
  3021 | D:3      | Reached skill level 1 in Charms
  3202 | D:3      | Noticed Sigmund
  3215 | D:3      | Killed Sigmund
  3215 | D:3      | Reached skill level 5 in Spellcasting
  3215 | D:3      | Reached XP level 6. HP: 28/32 MP: 3/15
  3433 | D:3      | Noticed Ijyb
  3441 | D:3      | Killed Ijyb
  4098 | D:3      | Noticed Grinder
  4801 | D:5      | Entered Level 5 of the Dungeon
  4815 | D:5      | Reached skill level 5 in Stealth
  4815 | D:5      | Reached XP level 7. HP: 36/36 MP: 6/16
  5084 | D:5      | Found Saol's Food Shop.
  5121 | D:5      | Reached skill level 5 in Ice Magic
  5776 | D:5      | Learned a level 4 spell: Throw Icicle
  6090 | D:6      | Reached XP level 8. HP: 41/41 MP: 11/19
  6797 | D:6      | Reached skill level 5 in Charms
  6961 | D:6      | Found an ancient bone altar of Kikubaaqudgha.
  7001 | D:6      | Became a worshipper of Kikubaaqudgha
  7438 | D:7      | Reached skill level 5 in Conjurations
  7726 | D:7      | Found a staircase to the Ecumenical Temple.
  7774 | D:7      | Reached skill level 1 in Necromancy
  7774 | D:7      | Reached XP level 9. HP: 45/45 MP: 8/21
  7893 | D:7      | Reached * piety under Kikubaaqudgha
  7893 | D:7      | Identified Kikubaaqudgha's Volume of Black Arts (Kikubaaqudgha gifted it to you on level 7 of the Dungeon)
  7893 | D:7      | Received a gift from Kikubaaqudgha
  7900 | D:7      | Learned a level 2 spell: Corpse Rot
  7904 | D:7      | Learned a level 3 spell: Vampiric Draining
  7916 | D:7      | Reached skill level 1 in Evocations
  7934 | D:7      | Reached skill level 5 in Summonings
  8249 | D:7      | Found an ornate altar of the Wu Jian Council.
  8631 | D:8      | Noticed a two-headed ogre
  8654 | D:8      | Killed a two-headed ogre
  9545 | D:8      | Reached ** piety under Kikubaaqudgha
  9604 | D:8      | Reached XP level 10. HP: 3/50 MP: 7/24
 10608 | D:3      | Killed Grinder
 10740 | D:9      | Got an ivory shortbow
 10741 | D:9      | Identified the +10 shortbow of Valour {venom, rN+} (You found it on level 9 of the Dungeon)
 11384 | D:9      | Learned a level 3 spell: Regeneration
 11399 | D:9      | Learned a level 2 spell: Sublimation of Blood
 11727 | D:9      | Noticed a two-headed ogre
 11735 | D:9      | Killed a two-headed ogre
 11849 | D:10     | Entered Level 10 of the Dungeon
 11889 | D:10     | Noticed Psyche
 11894 | D:10     | HP: 1/50 [orc priest/divine providence (11)]
 11894 | D:10     | Slain by an unseen horror

Vault maps used:
D:1:      sevenhm_arrival_forest_fort_large_3
D:2:      uniq_jessica, uniq_terence
D:3:      uniq_grinder, uniq_sigmund, uniq_ijyb
D:4:      first_bread
D:5:      serial_shops, shop
D:6:      basic_altar, minmay_misc_feat_roman
D:7:      lemuel_coloured_pillars_altar, minmay_temple_entry_glass
D:8:      special_room
D:10:     uniq_erolcha, uniq_psyche

Skill      XL: |  1  2  3  4  5  6  7  8  9 10 |
---------------+-------------------------------+-----
Stealth        | 3 4 5 7 8 |  8.7
Spellcasting   | 4 5 6 7 8 |  8.4
Conjurations   | 2 3 4 5 6 |  6.3
Ice Magic      | 4 5 6 7 |  7.3
Summonings     | 1 2 3 4 5 6 |  6.2
Charms         | 2 4 5 7 |  7.5
Necromancy     | 1 3 4 |  4.3
Evocations     | 3 4 |  4.1
Dodging        | |  2.4

Action                   |  1- 3 |  4- 6 |  7- 9 | 10-12 || total
-------------------------+-------+-------+-------+-------++-------
Melee: Short sword       |     3 |     5 |   138 |       ||   146
       Staff             |       |       |       |     4 ||     4
       Dagger            |       |       |       |     1 ||     1
 Cast: Freeze            |    55 |    97 |   168 |    56 ||   376
       Throw Frost       |     7 |    21 |    29 |       ||    57
       Ozocubu's Armour  |     4 |     9 |    35 |    10 ||    58
       Throw Icicle      |       |       |     3 |     2 ||     5
       Summon Ice Beast  |       |       |    13 |    36 ||    49
       Corpse Rot        |       |       |     2 |       ||     2
       Vampiric Draining |       |       |     1 |       ||     1
Invok: Receive Corpses   |       |       |     3 |       ||     3
Evoke: Wand              |       |       |     1 |     1 ||     2
  Use: Scroll            |       |     1 |     2 |     4 ||     7
       Potion            |       |       |     1 |     4 ||     5
 Stab: Sleeping          |       |     1 |       |       ||     1
  Eat: Chunk             |     3 |     9 |    15 |    10 ||    37
       Fruit             |       |       |     3 |       ||     3
       Meat ration       |       |       |     1 |       ||     1
Armor: Robe              |     4 |    11 |       |       ||    15
       Leather armour    |       |     4 |   114 |    37 ||   155
Dodge: Dodged            |    26 |    38 |   272 |    49 ||   385
